 Seeded DCSS version 0.25.1-2-g60ff931df9 (webtiles) character file.

Game seed: 18446744073709551615 (custom seed)

6089 sahdkjhfkaj the Blocker (level 10, -1/88 HPs)
             Began as a Minotaur Fighter on Oct 1, 2020.
             Was an Initiate of the Shining One.
             Slain by a hornet (13 damage)
             ... on level 9 of the Dungeon.
             The game lasted 00:09:55 (7610 turns).

sahdkjhfkaj the Blocker (Minotaur Fighter)          Turns: 7610, Time: 00:09:56

Health: -1/88      AC: 13    Str: 24    XL:     10   Next: 58%
Magic:  9/9        EV: 12    Int:  5    God:    the Shining One [......]
Gold:   492        SH: 12    Dex: 10    Spells: 9/9 levels left

rFire    + . .     SeeInvis .   a - +0 war axe
rCold    . . .     Gourm    .   C - +0 kite shield
rNeg     . . .     Faith    .   n - +2 scale mail {rF+}
rPois    .         Spirit   .   (helmet restricted)
rElec    .         Reflect  .   (no cloak)
rCorr    .         Harm     .   w - +2 pair of gloves
MR       ++...                  (no boots)
Stlth    ..........             x - amulet of regeneration
HPRegen  0.64/turn              e - ring of protection from magic
MPRegen  0.11/turn              u - ring of protection from magic

@: lethally poisoned (-1 -> -1), slowed, glowing, very slow
A: retaliatory headbutt, horns 2
a: Renounce Religion


You were on level 9 of the Dungeon.
You worshipped the Shining One.
The Shining One was noncommittal.
You were not hungry.

You visited 2 branches of the dungeon, and saw 10 of its levels.
You also visited: Sewer.

You collected 492 gold pieces.

Inventory:

Hand Weapons
 a - a +0 war axe (weapon)
Missiles
 G - 4 throwing nets (quivered)
Armour
 n - a +2 scale mail of fire resistance (worn)
 w - a +2 pair of gloves (worn)
 C - a +0 kite shield (worn)
Jewellery
 e - a ring of protection from magic (left hand)
 j - an uncursed ring of see invisible
 u - a ring of protection from magic (right hand)
 x - an amulet of regeneration (around neck)
 z - a +6 ring of strength
 A - a cursed ring of teleportation {unknown}
Wands
 c - a wand of acid (8)
Scrolls
 b - 3 scrolls of blinking
 h - a scroll of immolation
 l - a scroll of teleportation
 p - 3 scrolls of fear
 s - 4 scrolls of enchant armour
 t - 11 scrolls of remove curse
 v - 2 scrolls of fog
 y - 3 scrolls of amnesia
 E - 2 scrolls of identify
 F - a scroll of vulnerability {unknown}
Potions
 d - 3 potions of might
 g - 3 potions of lignification {unknown}
 i - 5 potions of brilliance {unknown}
 k - 2 potions of degeneration {unknown}
 m - 6 potions of curing {unknown}
 o - 9 potions of stabbing {unknown}
 q - 4 potions of flight {unknown}
 r - 2 potions of heal wounds {unknown}
 D - a potion of invisibility {unknown}
Comestibles
 f - 20 rations
 B - 3 chunks of flesh


   Skills:
 + Level 8.1 Fighting
 * Level 10.5 Axes
 + Level 8.2 Armour
 + Level 6.5 Dodging
 * Level 10.7 Shields


You had 9 spell levels left.
You didn't know any spells.
Your spell library was empty.

Dungeon Overview and Level Annotations

Branches:
Dungeon (9/15)             Temple (1/1) D:7            Lair (0/6) D:8
  Sewer (visited)
    Orc: D:9-12

Altars:
Ashenzari
Cheibriados
Dithmenos
Elyvilon
Fedhas
Gozag
Hepliaklqana
Kikubaaqudgha
Makhleb
Nemelex Xobeh
Okawaru
Qazlal
Ru
Sif Muna
Trog
Uskayaw
Vehumet
Wu Jian
Xom
Yredelemnul
Zin
The Shining One

Shops:
D:7 !


Innate Abilities, Weirdness & Mutations

You reflexively headbutt those who attack you in melee.
You have a pair of horns on your head.


Message History

Unknown command.
You hit the hornet but do no damage.
The hornet is almost dead.
The hornet stings you.
* * * LOW HITPOINT WARNING * * *
You feel as though you will be slow longer.
The hornet stings you.
* * * LOW HITPOINT WARNING * * *
You feel as though you will be slow longer.
Unknown command.
Unknown command.
Unknown command.
Unknown command.
Unknown command.
Unknown command.
Okay, then.
You closely miss the hornet.
The hornet is almost dead.
You feel sick. The hornet stings you!
You die...

#.# #.#.###.# ##.##
##.......## #.#..#.##
##...####.........###......###
#.......+.........+...........
##...####.........###......###
#..## #.......# #.....## #.##
#.....# #.....# #.# #.y.#
#.....# #.# #@# #.>...#
####.#### #.# #.....#
#.......# #.# #####.#
#.##.##.# ##.##### #รท# #
#.##.# ##......# #.#
#.##.#####.....#.# #.#
#........##...##.# #.#
####.###.......#.#######.# #.#
####..#...........#


You could see a hornet.

Vanquished Creatures
  Harold (D:8)
  The ghost of CrypticCrinoid the Cleaver, a novice MiBe of Trog (D:6)
  2 hippogriffs (D:8)
  A hungry ghost (D:7)
  Menkaure (D:6)
  Edmund (D:5)
  A water moccasin (D:8)
  2 orc warriors
  2 black bears
  2 phantoms
  3 sky beasts
  A necrophage (D:8)
  4 ogres
  2 centaurs
  A big kobold (D:8)
  3 bullfrogs
  3 gnoll sergeants
  4 scorpions
  6 killer bees (D:7)
  7 howler monkeys
  8 crimson imps
  2 bullfrog zombies (D:5)
  6 hounds
  A centaur zombie (D:6)
  3 orc priests (D:6)
  A centaur skeleton (D:4)
  A bullfrog skeleton (D:4)
  Terence (D:2)
  4 iguanas
  5 worker ants
  4 orc wizards
  A hound zombie (D:6)
  2 worker ant zombies
  18 gnolls
  6 river rats (Sewer)
  12 adders
  A howler monkey skeleton (D:8)
  2 shadow imps
  An ooze (D:3)
  3 adder zombies
  A worm (D:2)
  4 leopard geckos
  22 orcs
  3 giant cockroaches
  5 goblins
  9 hobgoblins
  11 jackals
  4 quokkas
  4 ball pythons (Sewer)
  6 bats
  7 frilled lizards
  24 kobolds
  A leopard gecko skeleton (D:5)
  27 rats
258 creatures vanquished.

Notes
Turn   | Place    | Note
-------+----------+-------------------------------------------
     0 | D:1      | sahdkjhfkaj the Minotaur Fighter began the quest for the
                  | Orb.
     0 | D:1      | Reached XP level 1. HP: 19/19 MP: 0/0
   406 | D:2      | Reached XP level 2. HP: 17/27 MP: 1/1
   670 | D:2      | Noticed Terence
   690 | D:2      | Killed Terence
   690 | D:2      | Reached XP level 3. HP: 33/33 MP: 2/2
  1021 | D:2      | Reached skill level 1 in Dodging
  1455 | D:3      | Reached XP level 4. HP: 36/40 MP: 3/3
  1478 | D:3      | Reached XP level 5. HP: 34/46 MP: 4/4
  1512 | D:3      | Found a glowing drain.
  1733 | Sewer    | Entered a sewer
  1847 | Sewer    | Reached skill level 5 in Shields
  2517 | D:3      | Reached XP level 6. HP: 53/53 MP: 5/5
  2817 | D:4      | Reached skill level 5 in Axes
  3139 | D:4      | Found a glowing silver altar of Zin.
  3161 | D:4      | Reached skill level 5 in Armour
  3161 | D:4      | Reached XP level 7. HP: 55/60 MP: 6/6
  3462 | D:5      | Entered Level 5 of the Dungeon
  3514 | D:5      | Reached skill level 5 in Fighting
  3937 | D:5      | Reached XP level 8. HP: 69/69 MP: 7/7
  4130 | D:6      | Noticed Edmund
  4140 | D:6      | Noticed Menkaure
  4284 | D:5      | Killed Edmund
  4322 | D:6      | Killed Menkaure
  4424 | D:6      | Reached XP level 9. HP: 18/78 MP: 8/8
  4615 | D:6      | Found a runed translucent gate.
  4637 | D:6      | Found a runed translucent gate.
  4638 | D:6      | Found a runed translucent gate.
  4640 | D:6      | Noticed CrypticCrinoid's ghost (novice MiBe)
  4668 | D:6      | Killed CrypticCrinoid's ghost
  4668 | D:6      | Reached skill level 5 in Dodging
  5781 | D:7      | Found Dyoreh's Distillery.
  5793 | D:7      | Found a staircase to the Ecumenical Temple.
  5840 | Temple   | Entered the Ecumenical Temple
  6092 | Temple   | Became a worshipper of the Shining One
  6191 | D:7      | Reached XP level 10. HP: 86/86 MP: 9/9
  6298 | D:8      | Noticed Harold
  6317 | D:8      | Killed Harold
  6317 | D:8      | Reached skill level 10 in Shields
  6399 | D:8      | Found a staircase to the Lair.
  6402 | D:8      | Reached skill level 10 in Axes
  6718 | D:8      | Found a glowing silver altar of Zin.
  7531 | D:9      | Found a hide-covered altar of Uskayaw.
  7606 | D:9      | Paralysed by a hornet for 3 turns
  7610 | D:9      | Slain by a hornet

Illustrated notes

Levels and vault maps discovered:
D:1:      onia_arrival_pentagram, layout_rooms
D:2:      layout_basic, uniq_terence
D:3:      layout_basic, portal_sewer_entry_d
D:4:      layout_loops_ring, old_standard_altar,
          hangedman_decor_clover_reticule, chequers_serial_rivers_micro_d,
          minivault_24
D:5:      kennysheep_spiral_hall, layout_rooms, first_ration
D:6:      layout_cave_pools, gammafunk_ghost_split, uniq_menkaure, uniq_edmund
D:7:      layout_basic, minmay_temple_entry_overgrown, serial_shops,
          nicolae_shop_waterfront
D:8:      layout_loops_corners, lair_entry_dummy, basic_altar, grunt_ogre_cave,
          uniq_harold
D:9:      layout_loops_corners, basic_altar, serial_shops, shop, special_room
          [special_room_bee]
Temple:   nicolae_temple_the_god_donut

Skill      XL: |  1  2  3  4  5  6  7  8  9 10 |
---------------+-------------------------------+-----
Axes           | 3 4 5 6 8 9 10 | 10.5
Shields        | 4 5 6 7 8 9 10 | 10.7
Fighting       | 4 5 6 7 8 |  8.1
Armour         | 4 5 6 7 8 |  8.2
Dodging        | 1 2 3 4 5 6 |  6.5

Action                   |  1- 3 |  4- 6 |  7- 9 | 10-12 || total
-------------------------+-------+-------+-------+-------++-------
Melee: War axe           |    95 |   172 |   354 |   127 ||   748
       Headbutt          |    10 |    19 |    71 |    17 ||   117
Throw: Throwing net      |       |       |       |     2 ||     2
Evoke: Wand              |       |       |     1 |     6 ||     7
  Use: Scroll            |     3 |     3 |     3 |     4 ||    13
  Eat: Chunk             |     2 |     6 |     9 |     5 ||    22
       Ration            |       |       |     1 |       ||     1
Armor: Scale mail        |    39 |    86 |   158 |    37 ||   320
Dodge: Dodged            |    18 |    77 |   159 |    52 ||   306
Block: Kite shield       |    57 |   100 |   218 |    84 ||   459
